 Dungeon Crawl Stone Soup version 0.20.0-8-g6b59dc7 (webtiles) character file.

24609 MTVSty1e the Grappler (level 12, -3/159 HPs)
             Began as a White Draconian Transmuter on June 2, 2017.
             Was an Initiate of Gozag.
             Slain by a spiny frog (9 damage)
             ... on level 6 of the Lair of Beasts.
             The game lasted 00:49:20 (21659 turns).

MTVSty1e the Grappler (White Draconian Transmuter) Turns: 21659, Time: 00:49:22

Health: -3/159     AC: 12    Str: 35    XL:     12   Next: 82%
Magic:  12/16      EV: 15    Int: 22    God:    Gozag
Gold:   1026       SH:  0    Dex: 14    Spells: 6/15 levels left

rFire    + . .     SeeInvis +     - Unarmed
rCold    + . .     Gourm    +   (shield currently unavailable)
rNeg     . . .     Faith    .   (armour unavailable)
rPois    .         Spirit   .   f - +0 hat {MR+}
rElec    +         Reflect  .   x - +0 cloak
rCorr    +         Harm     .   (gloves currently unavailable)
MR       +....                  t - +2 pair of boots of Birdsong {Int+3 SInv}
Stlth    ..........             M - amulet "Tunenof" {Gourm rElec Str+3 Int+5 Slay-5}
Regen    0.4/turn               Q - ring "Myekluemm" {rCorr rF+ Str+5 Dex+2}
MPRegen  0.2/turn               V - +5 ring of strength

@: berserking, lethally poisoned (-3 -> -7), blade hands (expiring), studying
Conjurations, very quick
A: breathe frost, unfitting armour, cold resistance 1, cold-blooded, AC +8
a: Breathe Frost, End Transformation, Potion Petition, Call Merchant, Bribe
Branch, Renounce Religion


You were on level 6 of the Lair of Beasts.
You worshipped Gozag.
Gozag was most pleased with you.
You were not hungry.
You had blades for hands.
You visited 3 branches of the dungeon, and saw 17 of its levels.
You also visited: Ossuary.

You collected 3555 gold pieces.
You spent 1004 gold pieces at shops.
You paid 1525 gold pieces to Gozag.

Inventory:

Missiles
 a - 317 arrows
Armour
 e - a +0 shield
 f - a +0 hat of magic resistance (worn)
 t - the +2 pair of boots of Birdsong (worn) {Int+3 SInv}
   (You found it on level 5 of the Dungeon)

   It affects your intelligence (+3).
   It lets you see invisible.
 x - a +0 cloak (worn)
 C - a +0 pair of gloves (melded)
 O - a +1 pair of boots of running
 W - a +2 buckler (melded)
Jewellery
 l - an uncursed ring of magical power
 n - an uncursed ring of wizardry
 F - a +3 ring of dexterity
 I - an uncursed ring of flight
 M - the amulet "Tunenof" (around neck) {Gourm rElec Str+3 Int+5 Slay-5}
   (You took it off a crimson imp on level 9 of the Dungeon)

   [amulet of the gourmand]

   It allows you to eat raw meat even when not hungry.
   It affects your strength (+3).
   It affects your intelligence (+5).
   It affects your accuracy and damage with ranged weapons and melee attacks
   (-5).
   It insulates you from electricity.
 Q - the ring "Myekluemm" (left scythe-like blade) {rCorr rF+ Str+5 Dex+2}
   (You found it on level 2 of the Lair of Beasts)

   [ring of resist corrosion]

   It affects your strength (+5).
   It affects your dexterity (+2).
   It protects you from fire.
 V - a +5 ring of strength (right scythe-like blade)
Wands
 k - a wand of iceblast (8/15)
 A - a wand of polymorph (8/24)
 J - a wand of flame (4/48)
 K - a wand of lightning (7/15)
 R - a wand of flame (23/48)
Scrolls
 g - 3 scrolls of teleportation
 i - 8 scrolls of remove curse
 m - 4 scrolls of enchant armour
 s - 3 scrolls of amnesia
 y - 2 scrolls of fog
 D - 5 scrolls of recharging
 G - 2 scrolls of enchant weapon
 S - a scroll of fear
Potions
 c - a potion of berserk rage
 h - 3 potions of haste
 j - a potion of curing
 p - 4 potions of agility
 q - 2 potions of magic
 r - 3 potions of brilliance
 u - a potion of cancellation
 v - 2 potions of might
 w - a potion of invisibility
 z - 3 potions of flight
 H - 3 potions of lignification
 U - a potion of resistance {unknown}
Books
 d - a book of Callings

   Spells                             Type                      Level
   a - Summon Small Mammal            Summoning                    1
   b - Call Imp                       Summoning                    2
   c - Call Canine Familiar           Summoning                    3
   d - Summon Guardian Golem          Hexes/Summoning              3
   e - Summon Lightning Spire         Summoning/Air                4
   f - Summon Ice Beast               Ice/Summoning                4
 B - a manual of Conjurations
 P - a book of Air

   Spells                             Type                      Level
   a - Shock                          Conjuration/Air              1
   b - Swiftness                      Charms/Air                   2
   c - Static Discharge               Conjuration/Air              3
   d - Airstrike                      Air                          4
   e - Lightning Bolt                 Conjuration/Air              5
Comestibles
 N - 7 meat rations


   Skills:
 + Level 10.0 Fighting
 + Level 6.1 Dodging
 + Level 9.0 Shields
 * Level 12.8 Unarmed Combat
 - Level 2.0 Spellcasting
 + Level 9.0 Transmutations
 + Level 6.2 Evocations


You had 6 spell levels left.
You knew the following spells:

 Your Spells              Type           Power        Failure   Level  Hunger
a - Beastly Appendage     Tmut           #####.       10%         1    #......
b - Spider Form           Tmut/Pois      ###.......   36%         3    ###....
c - Blade Hands           Tmut           #####.....   43%         5    ######.


Dungeon Overview and Level Annotations

Branches:
Dungeon (10/15)            Temple (1/1) D:4            Lair (6/6) D:8
 Shoals (0/4) Lair:2        Snake (0/4) Lair:2        Slime (0/5) Lair:5
    Orc: D:9-12

Altars:
Ashenzari
Cheibriados
Dithmenos
Elyvilon
Fedhas
Gozag
Hepliaklqana
Kikubaaqudgha
Makhleb
Nemelex Xobeh
Okawaru
Qazlal
Ru
Sif Muna
Trog
Uskayaw
Vehumet
Xom
Yredelemnul
Zin
The Shining One
Jiyva

Shops:
D:8 *   D:9 ![?   Lair:2 *

Portals:
Trove: D:10 (give +6 demon trident)

Annotations:
D:2 1 runed door
D:5 1 runed door


Innate Abilities, Weirdness & Mutations

You can breathe waves of freezing cold.
You can buffet flying creatures when you breathe cold.
Your icy white scales are hard. (AC +8)
You cannot fit into any form of body armour.
Your flesh is cold resistant. (rC+)
You are cold-blooded and may be slowed by cold attacks.


Message History

The spiny frog poisons you! The ice dragon breathes frost at you.
The blast of cold hits you! You resist.
* * * LOW HITPOINT WARNING * * *
The water moccasin closely misses you.
You slice the ice dragon!! You slash the ice dragon!
The ice dragon is severely wounded.
You feel sick. The spiny frog stings you!
* * * LOW HITPOINT WARNING * * *
The ice dragon bites you but does no damage.
The ice dragon claws you.
* * * LOW HITPOINT WARNING * * *
The ice dragon barely misses you.
You slash the ice dragon! You tail-slap the ice dragon!
The ice dragon is almost dead.
You feel sick.
The water moccasin bites you but does no damage.
The spiny frog stings you!
You die...
Your body crumbles into a pile of gold.

#.....#......P...........#
P.......#.###P.#####...###
.PPP......## ## ####....##
#..PP.....# ##.#......#
#..#......# ###....#...##
###.....##....#
##.F..####.....# #.YS@.#
##.##.# ≈...YYD### ######
≈≈≈♣.#Y ≈≈P≈ .# ≈≈≈ .. ..


P.P $ . ... .(.. You could see an ice dragon, 4 yaks, a spiny frog and a water
moccasin.

Vanquished Creatures
  Fannar (Lair:2)
  Erica (D:8)
  2 hydras
  A two-headed ogre (D:10)
  Pikel (D:5)
  5 elephants (Lair:5)
  Joseph (D:8)
  4 black mambas
  Psyche (D:8)
  8 spiny frogs
  3 komodo dragons
  A troll (D:8)
  A slime creature (D:8)
  4 hippogriffs
  29 yaks
  A spriggan (D:7)
  Sigmund (D:5)
  4 basilisks
  5 nagas (Lair:2)
  A soldier ant (D:5)
  5 water moccasins
  13 porcupines
  2 slaves (D:5)
  4 ice beasts
  2 necrophages
  An ogre (D:6)
  2 wolves
  3 phantoms
  6 centaurs
  10 crocodiles
  8 bullfrogs
  A gnoll sergeant (D:8)
  A wyvern skeleton (D:9)
  3 scorpions
  A water moccasin skeleton (D:10)
  5 killer bees (D:9)
  A wight (D:9)
  5 electric eels
  4 howler monkeys
  6 crimson imps
  A bullfrog zombie (D:6)
  2 quasits
  A centaur skeleton (D:3)
  7 hounds
  6 jellies
  4 orc priests
  A gnoll shaman (D:8)
  2 bullfrog skeletons
  5 iguanas
  4 orc wizards
  11 worker ants
  A hound zombie (D:9)
  8 mummies (Ossuary)
  7 gnolls
  2 howler monkey skeletons
  7 adders
  18 oozes
  An adder zombie (D:8)
  An adder skeleton (D:9)
  4 worms
  3 dart slugs
  6 leopard geckos
  19 orcs
  A ball python (D:2)
  9 giant cockroaches
  8 goblins
  10 hobgoblins
  5 quokkas
  7 bats
  7 frilled lizards
  3 gnoll zombies (Ossuary)
  A jackal skeleton (D:2)
  11 kobolds
  4 kobold zombies
  A leopard gecko skeleton (D:7)
  2 orc zombies (Ossuary)
  5 rats
  A plant (Lair:5)
354 creatures vanquished.

Vanquished Creatures (others)
  2 slaves (D:5)
  A crimson imp (D:5)
  2 worker ants (D:5)
  A hound skeleton (D:5)
  3 jackals (D:5)
  9 fungi
  2 plants
20 creatures vanquished.

Grand Total: 374 creatures vanquished

Notes
Turn   | Place    | Note
-------+----------+-------------------------------------------
     0 | D:1      | MTVSty1e the Draconian Transmuter began the quest for the Orb.
     0 | D:1      | Reached XP level 1. HP: 16/16 MP: 3/3
     0 | D:1      | Noticed an iron dragon
     2 | D:1      | Noticed an iron dragon
     2 | D:1      | Noticed an iron dragon
     5 | D:1      | Noticed an orb of fire
     6 | D:1      | Noticed a golden dragon
     7 | D:1      | Noticed an orb of fire
     8 | D:1      | Noticed a large abomination
    12 | D:1      | Noticed a black draconian
    14 | D:1      | Noticed an iron dragon
    14 | D:1      | Noticed a shadow dragon
    14 | D:1      | Noticed a red draconian
    16 | D:1      | Noticed an orb of fire
    16 | D:1      | Noticed an orb of fire
    18 | D:1      | Noticed an orb of fire
   163 | D:1      | Reached XP level 2. HP: 14/24 MP: 3/5
   839 | D:1      | Reached XP level 3. HP: 29/29 MP: 4/6
   844 | D:1      | Learned a level 3 spell: Spider Form
  1417 | D:2      | Reached skill level 4 in Unarmed Combat
  1418 | D:2      | Found an iron altar of Okawaru.
  1687 | D:2      | Reached XP level 4. HP: 28/37 MP: 4/7
  1703 | D:2      | Reached skill level 1 in Shields
  2043 | D:2      | Found a basalt altar of Yredelemnul.
  2209 | D:2      | Found a runed door.
  2209 | D:2      | Noticed a human
  2229 | D:2      | Found a basalt altar of Yredelemnul.
  3004 | D:3      | Reached XP level 5. HP: 35/44 MP: 8/8
  3161 | D:3      | Reached skill level 5 in Unarmed Combat
  3751 | D:4      | Noticed a phantom
  3805 | D:4      | HP: 3/67 [phantom (3)]
  3809 | D:4      | HP: 1/45 [phantom (1)]
  3810 | D:4      | Killed a phantom
  3810 | D:4      | Reached XP level 6. HP: 2/52 MP: 9/9
  4132 | D:4      | Found a staircase to the Ecumenical Temple.
  4142 | Temple   | Entered the Ecumenical Temple
  4176 | Temple   | Became a worshipper of Gozag Ym Sagoz the Greedy
  4501 | D:5      | Entered Level 5 of the Dungeon
  4585 | D:5      | Noticed a slave
  4586 | D:5      | Noticed Pikel
  4586 | D:5      | Noticed a slave
  4623 | D:5      | Killed a slave
  4771 | D:3      | Found a bloodstained altar of Trog.
  5287 | D:5      | Found a sacrificial altar of Ru.
  5287 | D:5      | Found an ancient bone altar of Kikubaaqudgha.
  5428 | D:5      | Found a radiant altar of Vehumet.
  5518 | D:5      | Noticed a slave
  5535 | D:5      | Killed a slave
  5601 | D:5      | Killed Pikel
  5601 | D:5      | Reached skill level 6 in Unarmed Combat
  5601 | D:5      | Your scales start taking on an icy white colour.
  5601 | D:5      | Reached XP level 7. HP: 50/60 MP: 10/10
  5601 | D:5      | Gained mutation: Your flesh is cold resistant. (rC+) [White Draconian growth]
  5736 | D:5      | Reached skill level 5 in Fighting
  5736 | D:5      | Reached XP level 8. HP: 58/68 MP: 11/11
  5746 | D:5      | Noticed Sigmund
  5762 | D:5      | Killed Sigmund
  5762 | D:5      | Reached skill level 7 in Unarmed Combat
  5931 | D:5      | Identified the +2 pair of boots of Birdsong {Int+3 SInv} (You found it on level 5 of the Dungeon)
  6104 | D:5      | Found a runed door.
  6167 | D:5      | Found a runed door.
  6858 | D:6      | Reached skill level 8 in Unarmed Combat
  6858 | D:6      | Reached skill level 5 in Transmutations
  6867 | D:6      | Learned a level 5 spell: Blade Hands
  6923 | D:6      | Found a sand-covered staircase.
  6928 | D:6      | Found a glowing golden altar of the Shining One.
  6932 | Ossuary  | Entered an ossuary
  7352 | D:6      | Reached skill level 5 in Shields
  7352 | D:6      | Reached XP level 9. HP: 27/75 MP: 12/12
  8755 | D:7      | Reached skill level 9 in Unarmed Combat
  8954 | D:7      | Found a shadowy altar of Dithmenos.
  9125 | D:8      | Noticed a troll
  9143 | D:8      | Killed a troll
  9193 | D:8      | Noticed Erica
  9211 | D:8      | Killed Erica
  9218 | D:8      | Reached XP level 10. HP: 22/86 MP: 8/13
  9576 | D:8      | Found a staircase to the Lair.
  9810 | D:8      | Bought a gold wand for 84 gold pieces
  9810 | D:8      | Bought a potion of agility for 84 gold pieces
 10109 | D:8      | Reached skill level 10 in Unarmed Combat
 10137 | D:8      | Reached skill level 1 in Evocations
 10312 | D:8      | Noticed Joseph
 10623 | D:8      | Noticed Psyche
 10639 | D:8      | Killed Psyche
 10826 | D:8      | Killed Joseph
 11059 | D:9      | Got a pitted silver amulet
 11155 | D:9      | Found Raovu's Armour Boutique.
 11162 | D:9      | Bought a +1 pair of boots of running for 584 gold pieces
 11217 | D:9      | Found Oplac's Magic Scroll Boutique.
 11312 | D:9      | Identified the amulet "Tunenof" {Gourm rElec Str+3 Int+5 Slay-5} (You took it off a crimson imp on level 9 of the Dungeon)
 11625 | D:9      | Found a white marble altar of Elyvilon.
 11681 | D:9      | Found Jeheduu's Distillery.
 12006 | D:10     | Entered Level 10 of the Dungeon
 12183 | D:10     | Got an iridescent battleaxe
 12214 | D:10     | Identified the +2 battleaxe "Ikiotugra" {holy, rPois Str-2 SInv} (You found it on level 10 of the Dungeon)
 12443 | D:10     | Noticed a two-headed ogre
 12449 | D:10     | Killed a two-headed ogre
 12449 | D:10     | Reached XP level 11. HP: 87/94 MP: 8/14
 12586 | D:10     | Found a portal to a secret trove of treasure.
 12859 | Lair:1   | Entered Level 1 of the Lair of Beasts
 13307 | Lair:1   | Found a sacrificial altar of Ru.
 13349 | Lair:1   | Reached skill level 11 in Unarmed Combat
 14253 | Lair:1   | Noticed a four-headed hydra
 14263 | Lair:1   | Killed a four-headed hydra
 14737 | Lair:2   | Got a twitching silver ring
 14739 | Lair:2   | Identified the ring "Myekluemm" {rCorr rF+ Str+5 Dex+2} (You found it on level 2 of the Lair of Beasts)
 14753 | Lair:2   | Found a staircase to the Snake Pit.
 14951 | Lair:2   | Noticed Fannar
 14972 | Lair:2   | Killed Fannar
 15773 | Lair:2   | Found a staircase to the Shoals.
 16229 | Lair:3   | Got a steaming great sword
 16237 | Lair:3   | Identified the +12 great sword "Orb Guardian's Regret" {holy, Dex+3} (You found it on level 3 of the Lair of Beasts)
 16868 | Lair:3   | Reached skill level 5 in Evocations
 17322 | Lair:3   | Noticed a five-headed hydra
 17718 | Lair:2   | Reached XP level 12. HP: 25/104 MP: 12/15
 18016 | Lair:2   | Bought a +0 hat of magic resistance for 198 gold pieces
 18016 | Lair:2   | Bought a potion of curing for 54 gold pieces
 18190 | Lair:3   | Reached skill level 12 in Unarmed Combat
 18192 | Lair:3   | Reached skill level 5 in Dodging
 19334 | Lair:4   | You fall through a shaft!
 20414 | Lair:5   | Found a staircase to the Slime Pits.
 20414 | Lair:5   | Found a viscous altar of Jiyva.
 20805 | Lair:6   | Entered Level 6 of the Lair of Beasts
 20864 | Lair:6   | Found an iron altar of Okawaru.
 21247 | Lair:6   | Noticed a five-headed hydra
 21328 | Lair:6   | Killed a nine-headed hydra
 21328 | Lair:6   | Reached skill level 10 in Fighting
 21645 | Lair:6   | Noticed a five-headed hydra
 21646 | Lair:6   | Noticed an ice dragon
 21646 | Lair:6   | a five-headed hydra changed into an ice dragon
 21658 | Lair:6   | HP: 7/159 [ice dragon (3)]
 21659 | Lair:6   | Slain by a spiny frog

Skill      XL: |  1  2  3  4  5  6  7  8  9 10 11 12 |
---------------+-------------------------------------+-----
Fighting       | 2 3 4 5 6 7 8 9 10 | 10.0
Unarmed Combat | 4 5 6 8 9 10 11 12 | 12.8
Shields        | 1 2 3 5 6 7 8 9 |  9.0
Transmutations | 3 4 5 6 7 8 9 |  9.0
Dodging        | 3 4 6 |  6.1
Evocations     | 3 5 6 |  6.2
Spellcasting   | |  2.0

Action                   |  1- 3 |  4- 6 |  7- 9 | 10-12 || total
-------------------------+-------+-------+-------+-------++-------
Melee: Unarmed           |   108 |   238 |   282 |   624 ||  1252
       Tailslap          |    11 |    16 |    32 |    81 ||   140
       Kick              |     7 |    15 |       |       ||    22
       Headbutt          |     8 |    14 |    26 |    20 ||    68
       Punch             |     2 |       |       |    15 ||    17
 Cast: Beastly Appendage |    15 |    24 |    18 |    21 ||    78
       Spider Form       |       |     7 |     3 |     3 ||    13
       Blade Hands       |       |       |     6 |    51 ||    57
Invok: Call Merchant     |       |       |       |     2 ||     2
 Abil: Breathe Frost     |       |       |       |     4 ||     4
Evoke: Wand              |       |       |       |     6 ||     6
  Use: Scroll            |       |    15 |    12 |     9 ||    36
       Potion            |       |     1 |     1 |     9 ||    11
 Stab: Sleeping          |     1 |       |       |     1 ||     2
       Distracted        |       |     1 |       |     2 ||     3
  Eat: Royal jelly       |     1 |     1 |     1 |     1 ||     4
       Bread ration      |     1 |     1 |     2 |    10 ||    14
       Fruit             |       |     2 |     2 |     3 ||     7
       Meat ration       |       |     1 |       |     3 ||     4
Armor: Skin              |    46 |    50 |    45 |   184 ||   325
Dodge: Dodged            |    76 |   120 |   108 |   323 ||   627
Block: Buckler           |     6 |    44 |    34 |    72 ||   156
